AoeStats
← Tee Time

Nomad

514524420Analyzed
2v2 RM · 2d ago on Oct 18, 2026· 50m 4s· 4 players
Game mode
Random Map
Map size
176×176
Population
200
Speed
Normal
Resources
Standard
Victory
Conquest
Starting age
Dark Age
Ending age
Imperial Age
RankedLock teamsTeams togetherTeam positionsShared explorationLock speedFull tech treeHidden civsTurbo modeCheats
Victory
Defeat
🇫🇷 Japanese · France
1380
+13
🇫🇷 Italians · France
1285
+17
vs
🇩🇪 Aztecs · Germany
1304
-15
🇩🇪 Armenians · Germany
1304
-15
Hustlin' Squirrel
4:42 Loom
14:47 Feudal Age
18:34 Castle Age
16:36 Arson
17:04 Gold Mining
18:19 Scale Mail Armor
19:09 Forging
18:57 Eagle Warrior
29:41 Wheelbarrow
30:08 Squires
36:05 Forging
36:11 Chain Mail Armor
35:54 Fletching
38:18 Iron Casting
39:14 Man-at-Arms
40:56 Long Swordsman
46:25 Bodkin Arrow
46:35 Murder Holes
46:47 Gambesons
Tee Time
4:53 Loom
13:59 Feudal Age
14:25 Double-Bit Axe
14:17 Man-at-Arms
16:24 Scale Mail Armor
17:02 Forging
16:32 Long Swordsman
17:03 Arson
23:01 Horse Collar
30:07 Castle Age
29:29 Gold Mining
31:19 Chain Mail Armor
31:10 Squires
31:26 Gambesons
31:36 Two-Handed Swordsman
36:31 Wheelbarrow
36:17 Champion
38:42 Iron Casting
43:00 Hand Cart
Sire Girard la Truie
3:23 Loom
11:56 Feudal Age
12:47 Double-Bit Axe
16:43 Fletching
19:55 Castle Age
19:10 Stone Mining
19:22 Fishing Lines
20:33 Bodkin Arrow
20:47 Crossbowman
21:56 Crossbowman
28:35 Ballistics
32:25 Thumb Ring
34:20 Murder Holes
35:28 Masonry
42:50 Gillnets
45:25 Bow Saw
47:07 Gold Mining
49:51 Stone Shaft Mining
Potimarron
4:15 Loom
12:33 Feudal Age
13:33 Double-Bit Axe
18:13 Horse Collar
21:34 Castle Age
19:48 Fletching
19:58 Padded Archer Armor
29:12 Bow Saw
31:36 Stone Mining
36:13 Scale Mail Armor
38:17 Wheelbarrow
38:18 Forging
38:30 Squires
38:50 Arson
41:27 Chain Mail Armor
43:20 Iron Casting
45:17 Heavy Plow
49:38 Imperial Age
51:00 Plate Mail Armor
Connection lost

Rejoining the realm…

Still unreachable

The connection could not be restored.

Session expired

The server has moved on; the page needs a fresh start.